 Dungeon Crawl Stone Soup version 0.20.1-1-g8b1a95d (webtiles) character file.

3244 jmlagarto the Chopper (level 9, -15/69 HPs)
             Began as a Demonspawn Berserker on Aug 18, 2017.
             Was a Priest of Trog.
             Demolished by hilaritas's ghost (18 damage)
             ... on level 7 of the Dungeon.
             The game lasted 01:01:41 (7828 turns).

jmlagarto the Chopper (Demonspawn Berserker)        Turns: 7828, Time: 01:01:42

Health: -15/69     AC: 11    Str: 25    XL:     9   Next: 67%
Magic:  9/9        EV: 10    Int:  9    God:    Trog [***...]
Gold:   381        SH:  4    Dex: 15    Spells: 8/8 levels left

rFire    . . .     SeeInvis +   C - +4 short sword (freeze)
rCold    . . .     Gourm    .   (no shield)
rNeg     . . .     Faith    .   q - +1 chain mail
rPois    .         Spirit   .   (no helmet)
rElec    .         Reflect  +   u - +1 cloak
rCorr    .         Harm     .   d - +0 pair of gloves
MR       +....                  (no boots)
Stlth    ..........             e - +4 amulet of reflection
Regen    0.3/turn               c - ring of protection from magic
MPRegen  0.2/turn               A - ring of see invisible

@: mighty, berserk cooldown, very slightly contaminated, slowed, very slow
A: talons 2, thin skeletal structure 1, deformed body, mutation resistance 1,
rot immunity
a: Berserk, Trog's Hand, Burn Spellbooks, Renounce Religion


You were on level 7 of the Dungeon.
You worshipped Trog.
Trog was most pleased with you.
You were very hungry.

You visited 1 branch of the dungeon, and saw 7 of its levels.

You collected 381 gold pieces.

Inventory:

Hand Weapons
 a - a +3 scimitar
 i - a +1 whip of flaming
 k - a +3 dagger
 o - a +0 hand axe
 y - a +0 shortbow
 C - a +4 short sword of freezing (weapon)
 D - a +1 flail
 F - a +0 hand axe
 G - a +0 short sword
Missiles
 w - 2 tomahawks (quivered)
 B - 78 arrows
Armour
 b - a +0 scale mail
 d - a +0 pair of gloves (worn)
 q - a +1 chain mail (worn)
 u - a +1 cloak (worn)
Jewellery
 c - a ring of protection from magic (left hand)
 e - a +4 amulet of reflection (around neck)
 j - a +2 ring of dexterity
 A - a ring of see invisible (right hand)
 H - a cursed amulet of inaccuracy {unknown}
 L - a cursed ring of loudness {unknown}
Wands
 t - a wand of polymorph (14/24)
 J - a wand of iceblast (5/15)
Scrolls
 n - a scroll of remove curse
 x - 2 scrolls of enchant weapon
 E - a scroll of fog {unknown}
 I - a scroll of magic mapping {unknown}
 M - a scroll of identify
Potions
 h - 3 potions of might
Books
 z - a book of Callings

   Spells                             Type                      Level
   a - Summon Small Mammal            Summoning                    1
   b - Call Imp                       Summoning                    2
   c - Call Canine Familiar           Summoning                    3
   d - Summon Guardian Golem          Hexes/Summoning              3
   e - Summon Lightning Spire         Summoning/Air                4
   f - Summon Ice Beast               Ice/Summoning                4
   Trog disapproves of the use of such an item.
Comestibles
 g - a meat ration
 p - 3 fruits
 r - 2 bread rations
 v - 3 royal jellies


   Skills:
 + Level 6.2 Fighting
 * Level 5.6 Short Blades
 - Level 7.3 Axes
 + Level 6.7 Armour
 + Level 3.1 Dodging
 - Level 1.1 Stealth


You had 8 spell levels left.
You didn't know any spells.

Dungeon Overview and Level Annotations

Branches:
Dungeon (7/15)             Temple (0/1) D:6

Altars:
Cheibriados
Dithmenos
Hepliaklqana
Okawaru
Ru
Sif Muna
Xom
Yredelemnul

Annotations:
D:7 hilaritas's ghost, novice FoFi


Innate Abilities, Weirdness & Mutations

You have razor-sharp toenails.
You have a somewhat thin skeletal structure. (Dex +2, Stealth)
You are immune to rotting.
Armour fits poorly on your strangely shaped body.
You are somewhat resistant to further mutation.


Message History

You puncture the orc! You freeze the orc.
You kill the orc!
Trog accepts your kill.
Things that are here:
a dagger; an orc corpse Hilaritas's ghost hits you but does no damage.
Okay, then.
You cannot see a spellbook to ignite!
Aiming: Iceblast (will waste charges)
Press: ? - help, Shift-Dir - straight line The mass of ice explodes!
The iceblast engulfs hilaritas's ghost.
Hilaritas's ghost is lightly damaged.
Evoking this partially-identified wand wasted a few charges.
Hilaritas's ghost hits you!
* * * LOW HITPOINT WARNING * * *
As you read the scroll labeled SUIQ UROIREROM, it crumbles to dust.
It is a scroll of amnesia.
You feel forgetful for a moment. Hilaritas's ghost barely misses you.
Hilaritas's ghost hits you!!
You die...

#...####... #.#.#### ##.........
#....... #.#.#... #.........
#..... .## #W#..... ###.........
#..... ..# #.###..p .)'.........
#.... #.# #(# #... ###.........
.... #.# #.# #...
#########+######'####.# #.# #...
....# ##'###.......#.####.#####.
....####........@W.......((..# #.
....'...............#..###.#.###.
....###......#########.# #.#.##..
............ #.....#.# #)# ##..
....##'##'# #.)...#.. #)# ##..
.....'_'..# #.....##.##)#.####
...<.#'#..# #.....# .##.......
#.#.....#)######....(##.##.......
#.#.....#....(........# #.......


You could see hilaritas's ghost.

Vanquished Creatures
  Pikel (D:7)
  The ghost of jmlagarto the Skirmisher, a novice DrBe of Trog (D:5)
  A vampire (D:6)
  A yak (D:5)
  3 ice beasts
  A phantom (D:4)
  2 sky beasts (D:7)
  3 centaurs
  A water moccasin skeleton (D:7)
  A scorpion (D:5)
  7 wights
  2 howler monkeys
  3 crimson imps
  The ghost of Saithnar the Caller, a weakling DESu (D:3)
  4 hounds
  2 jellies
  An orc priest (D:6)
  5 iguanas
  4 orc wizards
  3 worker ants (D:5)
  A hound zombie (D:6)
  A hound skeleton (D:7)
  3 gnolls (D:4)
  A worker ant zombie (D:7)
  5 adders
  A shadow imp (D:6)
  An ooze (D:2)
  An adder skeleton (D:5)
  2 worms
  2 dart slugs (D:2)
  2 leopard geckos (D:5)
  18 orcs
  6 giant cockroaches
  8 goblins
  9 hobgoblins
  8 jackals
  7 kobolds
  4 quokkas
  A ball python (D:2)
  9 bats
  10 frilled lizards
  A leopard gecko zombie (D:5)
  2 quokka skeletons
  17 rats
  A spectral orc (D:2)
168 creatures vanquished.

Vanquished Creatures (collateral kills)
  A centaur zombie (D:6)
  2 orc priests (D:6)
  A worker ant (D:6)
  An adder (D:6)
  3 orcs (D:6)
8 creatures vanquished.

Vanquished Creatures (others)
  A shadow imp (D:7)
1 creature vanquished.

Grand Total: 177 creatures vanquished

Notes
Turn   | Place    | Note
-------+----------+-------------------------------------------
     0 | D:1      | jmlagarto the Demonspawn Berserker began the quest for the Orb.
     0 | D:1      | Reached XP level 1. HP: 18/18 MP: 1/1
   394 | D:1      | Gained mutation: You are immune to rotting. [demonic ancestry]
   394 | D:1      | Reached XP level 2. HP: 20/24 MP: 2/2
   451 | D:1      | Reached skill level 3 in Axes
   515 | D:1      | Reached ** piety under Trog
  1122 | D:1      | Gained mutation: You have sharp toenails. [demonic ancestry]
  1122 | D:1      | Reached XP level 3. HP: 27/29 MP: 3/3
  1722 | D:2      | Reached XP level 4. HP: 26/37 MP: 4/4
  1915 | D:2      | Gained mutation: Armour fits poorly on your strangely shaped body. [potion of mutation]
  1915 | D:2      | Gained mutation: You are somewhat resistant to further mutation. [potion of mutation]
  1915 | D:2      | Gained mutation: You have razor-sharp toenails. [potion of mutation]
  1993 | D:2      | Found a basalt altar of Yredelemnul.
  2262 | D:3      | Found a deep blue altar of Sif Muna.
  2313 | D:3      | Noticed Saithnar's ghost (weakling DESu)
  2332 | D:3      | Killed Saithnar's ghost
  2453 | D:3      | Reached skill level 4 in Axes
  2543 | D:3      | Gained mutation: You have a somewhat thin skeletal structure. (Dex +2, Stealth) [demonic ancestry]
  2543 | D:3      | Reached XP level 5. HP: 39/42 MP: 5/5
  2628 | D:3      | Reached *** piety under Trog
  2903 | D:4      | Noticed a phantom
  2921 | D:4      | Killed a phantom
  2921 | D:4      | Reached XP level 6. HP: 48/48 MP: 6/6
  3291 | D:4      | Reached skill level 5 in Axes
  3504 | D:5      | Entered Level 5 of the Dungeon
  3509 | D:5      | Found a snail-covered altar of Cheibriados.
  3629 | D:5      | Noticed an ice beast
  3635 | D:5      | Killed an ice beast
  3797 | D:5      | Reached XP level 7. HP: 49/55 MP: 7/7
  3930 | D:5      | Found a sacrificial altar of Ru.
  4028 | D:5      | Reached skill level 6 in Axes
  4046 | D:5      | Noticed a yak
  4061 | D:5      | Killed a yak
  4483 | D:5      | Reached **** piety under Trog
  4483 | D:5      | Reached skill level 1 in Stealth
  4571 | D:5      | Reached XP level 8. HP: 61/61 MP: 8/8
  4618 | D:5      | Found a sacrificial altar of Ru.
  4640 | D:5      | Found a burning altar of Makhleb.
  4640 | D:5      | Found a shimmering altar of Xom.
  4642 | D:5      | Found a shimmering altar of Xom.
  4642 | D:5      | Found a sacrificial altar of Ru.
  4642 | D:5      | Found a shimmering altar of Xom.
  4737 | D:5      | Noticed jmlagarto's ghost (novice DrBe)
  4745 | D:5      | Killed jmlagarto's ghost
  4745 | D:5      | Reached skill level 5 in Fighting
  4745 | D:5      | Reached skill level 7 in Axes
  5471 | D:6      | Reached skill level 1 in Short Blades
  5471 | D:6      | Reached skill level 5 in Armour
  5966 | D:6      | Found a sacrificial altar of Ru.
  5975 | D:6      | Reached XP level 9. HP: 21/69 MP: 9/9
  6447 | D:6      | Found an iron altar of Okawaru.
  6514 | D:6      | Found a hazy altar of Hepliaklqana.
  6684 | D:6      | Found a staircase to the Ecumenical Temple.
  7146 | D:7      | Found a shadowy altar of Dithmenos.
  7527 | D:7      | Noticed Pikel
  7544 | D:7      | Killed Pikel
  7544 | D:7      | Reached skill level 5 in Short Blades
  7768 | D:7      | Noticed hilaritas's ghost (novice FoFi)
  7813 | D:7      | HP: 3/69 [hilaritas's ghost (6)]
  7827 | D:7      | HP: 3/69 [hilaritas's ghost (14)]
  7828 | D:7      | Demolished by hilaritas's ghost

Skill      XL: |  1  2  3  4  5  6  7  8  9 |
---------------+----------------------------+-----
Axes           | 3 4 5 6 7 |  7.3
Dodging        | 2 3 |  3.1
Armour         | 2 3 4 5 6 |  6.7
Fighting       | 4 6 |  6.2
Stealth        | 1 |  1.1
Short Blades   | 2 5 |  5.6

Action                   |  1- 3 |  4- 6 |  7- 9 || total
-------------------------+-------+-------+-------++-------
Melee: Hand axe          |   101 |       |       ||   101
       War axe           |    29 |   170 |    76 ||   275
       Kick              |     8 |    37 |    92 ||   137
       Short sword       |       |       |   196 ||   196
Invok: Berserk           |     3 |     2 |    13 ||    18
       Trog's Hand       |     1 |     2 |     9 ||    12
       Brothers in Arms  |       |       |     3 ||     3
Evoke: Wand              |       |       |     2 ||     2
  Use: Scroll            |       |     5 |    10 ||    15
       Potion            |       |     5 |     9 ||    14
 Stab: Distracted        |       |       |     1 ||     1
  Eat: Chunk             |     2 |     7 |     2 ||    11
       Bread ration      |     1 |       |       ||     1
       Meat ration       |       |     1 |     5 ||     6
Armor: Animal skin       |     1 |       |       ||     1
       Robe              |    20 |       |       ||    20
       Chain mail        |    52 |   115 |   125 ||   292
Dodge: Dodged            |    92 |    75 |   114 ||   281
Block: Other             |       |    10 |    58 ||    68
       Reflection        |       |       |     2 ||     2
